cohdb
Replays
Latest Replays
All Replays
Popular Replays
Top Player Replays
Match Explorer
How It Works
Community
CoH3 Stats
Reddit
Sign in to upload your games and track your stats! →
Sign in with Steam
Match 46932023
Unlisted
Match 46932023
Overview
Messages
Build Orders
End
Panzergrenadier Squad
250 Light Carrier
Panzergrenadier Squad
Construct Light Support Kompanie
Construct Mechanized Kompanie
Selects Armored Support Battlegroup
Selects Superior Fire Drills
Selects Salvage Kits
Vehicle Survival Package
Tungsten Core Ammunition
8 Rad Armored Car
Advanced Field Repairs
Support Armor Elements
Panzerpioneer Squad
Panzerjäger Mechanized Group
Hauptmann
SeaNettle
Starman
FARM7D
ShoulderGuyGuy
MathiasCZR01
Urge to Merge
Give ma Life 4 Pakistannn
0
0
Comments
sign in to comment!
No comments posted yet!